 Dungeon Crawl Stone Soup version 0.30-a0-161-gdd60e06945 (webtiles) character file.

Game seed: 5777844175810466667

19 qw the Shield-Bearer (level 2, -2/19 HPs)
             Began as a Gargoyle Fighter on Sept 27, 2022.
             Slain by a kobold
             ... wielding a +4 vampiric whip
              (7 damage)
             ... on level 1 of the Dungeon.
             The game lasted 00:00:12 (474 turns).

qw the Shield-Bearer (Gargoyle Fighter)              Turns: 474, Time: 00:00:13

Health: -2/19      AC:  9    Str: 19    XL:     2   Next: 75%
Magic:  2/2        EV:  9    Int:  8    God:
Gold:   50         SH:  4    Dex:  9    Spells: 1/1 levels left

rFire   . . .      SeeInvis .    a - +0 war axe
rCold   . . .      Faith    .    c - +0 buckler
rNeg    + . .      Spirit   .    b - +0 scale mail
rPois   inf        Reflect  .    (no helmet)
rElec   +          Harm     .    (no cloak)
rCorr   .          Rampage  .    (no gloves)
Will    .....                    (no boots)
Stlth   ..........               (no amulet)
HPRegen 0.06/turn                (no ring)
MPRegen 0.08/turn                (no ring)

@: no status effects
A: sickness immunity, AC +2, negative energy resistance 1, electricity
resistance, torment resistance 1, petrification resistance
a: no special abilities


You were on level 1 of the Dungeon.
You visited 1 branch of the dungeon, and saw 1 of its levels.

You collected 50 gold pieces.


Innate Abilities, Weirdness & Mutations

You are immune to sickness and miasma.
Your stone body is resilient. (AC +2)
You are immune to poison.
You resist negative energy. (rN+)
You are resistant to electric shocks. (rElec)
You are resistant to unholy torment.
You are immune to petrification.


   Skills:
 - Level 3.2 Fighting
 + Level 2.9 Axes
 - Level 3.2 Armour
 - Level 3.2 Shields


You had one spell level left.
You didn't know any spells.
Your spell library was empty.

Inventory:

Hand Weapons
 a - a +0 war axe (weapon)
 f - a +0 club
Missiles
 i - a javelin (quivered)
Armour
 b - a +0 scale mail (worn)
 c - a +0 buckler (worn)
Scrolls
 e - a scroll of amnesia {unknown}
 h - 2 scrolls of butterflies {unknown}
Potions
 d - a potion of might
 g - a potion of heal wounds {unknown}
 j - a potion of lignification {unknown}
 k - a potion of flight {unknown}

Dungeon Overview and Level Annotations

Branches:
Dungeon (1/15)

Altars:


Message History

You now have 50 gold pieces (gained 15).
A ball python comes into view.
The ball python moves out of view.
i - 4 javelins (gained 1)
A ball python is nearby!
Throw: 4 javelins
Press: ? - help, Q - select action Shift-Dir - straight line, f - ball python You throw a javelin.
The javelin pierces through the ball python!
You kill the ball python!
i - 5 javelins (gained 2)
j - a coppery potion
k - a viscous red potion An endoplasm comes into view.
The endoplasm quivers.
Throw: 5 javelins
Press: ? - help, Q - select action Shift-Dir - straight line, f - endoplasm You throw a javelin.
The javelin pierces through the endoplasm!
You kill the endoplasm!
You hear a shout!
A kobold comes into view. It is wielding a +4 vampiric whip.
Throw: 4 javelins
Press: ? - help, Q - select action Shift-Dir - straight line, f - kobold You throw a javelin.
The javelin barely misses the kobold.
Throw: 3 javelins
Press: ? - help, Q - select action Shift-Dir - straight line, f/p - kobold You throw a javelin.
The javelin misses the kobold.
Throw: 2 javelins
Press: ? - help, Q - select action Shift-Dir - straight line, f/p - kobold You throw a javelin.
The javelin closely misses the kobold.
You barely miss the kobold.
The kobold hits you with a +4 vampiric whip!
The kobold hits you but does no damage.
You miss the kobold.
The kobold hits you with a +4 vampiric whip!
You hit the kobold.
The kobold is moderately wounded.
The kobold hits you with a +4 vampiric whip!
You die...

######## ######..#
#......##########...##.#.
###............%.........#.
#..........########...##.#.
#.#......#.## ######.## #
#.........# #.#8
#.........# #...
###.......# #...
#...%...@## #.##
#...###..K((.... #...
#...### #.######.( #...
...... #.. #... ...... #...
#... ..... #.... #... .....
...... #... .... #. #...
.#######...


You could see a kobold.

Vanquished Creatures
  A dart slug (D:1)
  3 endoplasms (D:1)
  2 giant cockroaches (D:1)
  A goblin (D:1)
  3 ball pythons (D:1)
  4 bats (D:1)
  A frilled lizard (D:1)
  2 rats (D:1)
17 creatures vanquished.

Notes
Turn   | Place    | Note
-------+----------+-------------------------------------------
     0 | D:1      | qw the Gargoyle Fighter began the quest for the Orb.
     0 | D:1      | Reached XP level 1. HP: 14/14 MP: 1/1
     0 | D:1      | 0 ||| qw: Version: 0.2-a-10-g37ed214
     0 | D:1      | 0 ||| qw: Game counter: 651
     0 | D:1      | 0 ||| qw: Always use a shield: true
     0 | D:1      | 0 ||| qw: God list: Okawaru
     0 | D:1      | 0 ||| qw: Allow faded altars: false
     0 | D:1      | 0 ||| qw: Do Orc after D:15 true
     0 | D:1      | 0 ||| qw: Do second Lair branch before Depths: true
     0 | D:1      | 0 ||| qw: Lair rune preference: random
     0 | D:1      | 0 ||| qw: Plans: Normal, Zot:1-4, God:TSO, Crypt, Tomb,
                  | Pan, Slime:5, Hells, Abyss, Orb
     0 | D:1      | 0 ||| PLANNING D:1-11
    85 | D:1      | Reached XP level 2. HP: 17/19 MP: 2/2
   363 | D:1      | Found a faded altar of an unknown god.
   417 | D:1      | 417 ||| Stepping ~*~*~tactically~*~*~ (stealth).
   474 | D:1      | Slain by a kobold

Levels and vault maps discovered:
D:1:      dpeg_arrival_renting, layout_basic,
          shapermc_ecumenical_altar_mp_vishouse,
          amcnicky_mini_rare_corridor_liquid

Skill      XL: |  1 |
---------------+----+-----
Axes           | 2 |  2.9
Fighting       | |  3.2
Armour         | |  3.2
Shields        | |  3.2

Action                   || total
-------------------------++-------
Melee: War axe           ||    44
Throw: Javelin           ||     9
Armor: Scale mail        ||    24
Dodge: Dodged            ||    16
Block: Buckler           ||     6

Table legend:
 A = Non-vault XP
 B = Vault XP
 C = Vault XP percentage of total XP
 D = Non-vault monster count
 E = Vault monster count
 F = Vault count percentage of total count
                 A         B        C        D         E       F
            +---------+---------+-------+---------+---------+-------
      Total |      28 |       0 |   0.0 |      17 |       0 |   0.0
            +---------+---------+-------+---------+---------+-------
        D:1 |      28 |       0 |   0.0 |      17 |       0 |   0.0
            +---------+---------+-------+---------+---------+-------
